 Dungeon Sprint DCSS version 0.31-a0-198-g2ad674f65e (webtiles) character file.

Game seed: 12680542932888607581

2214 Conn the Arsonist (level 9, -6/51 HPs)
             Began as an Octopode Fire Elementalist on June 25, 2023.
             Was a Believer of Sif Muna.
             Mangled by a centaur warrior (10 damage)
             ... in the Dungeon (Sprint I: "Red Sonja").
             The game lasted 00:08:08 (951 turns).

Conn the Arsonist (Octopode Fire Elementalist)       Turns: 951, Time: 00:08:09

Health: -6/51      AC:  1    Str:  7    XL:     9   Next: 35%
Magic:  14/25      EV: 15    Int: 22    God:    Sif Muna [**....]
Gold:   549        SH:  0    Dex: 12    Spells: 21/32 levels left

rFire   . . .        l - +1 short sword (venom)
rCold   . . .        (no shield)
rNeg    . . .        (helmet restricted)
rPois   .            (no amulet)
rElec   .            (no ring)
rCorr   .            (no ring)
SInv    .            (no ring)
Will    .....        (no ring)
Stlth   +++          (no ring)
HPRegen 0.28/turn    (no ring)
MPRegen 0.19/turn    (no ring)
                     (no ring)

%: no teleportation
@: hasted and slowed
A: almost no armour, amphibious, 8 rings, camouflage 1, gelatinous body 1,
(nimble swimmer 1), tentacles
a: Renounce Religion, Channel Magic


You were in the Dungeon.
You worshipped Sif Muna.
Sif Muna was pleased with you.
You visited 1 branch You collected 829 gold pieces.
You spent 280 gold pieces at shops.

Inventory:

Hand Weapons
 g - a +0 dagger
 l - a +1 short sword of venom (weapon)
Jewellery
 i - a ring of ice
Wands
 e - a wand of flame (17)
 j - a wand of mindburst (10)
Scrolls
 f - 2 scrolls of blinking
 h - a scroll of identify {unknown}
 p - a scroll of brand weapon {unknown}
Potions
 a - 3 potions of magic
 b - a potion of curing
 k - a potion of lignification {unknown}
 n - a potion of degeneration {unknown}
 o - a potion of brilliance {unknown}
 q - a potion of attraction {unknown}


   Skills:
 + Level 1.1 Throwing
 + Level 5.6 Dodging
 - Level 2.6 Stealth
 + Level 12.2 Spellcasting
 + Level 7.9 Conjurations
 * Level 3.9 Hexes
 + Level 12.3 Fire Magic
 * Level 3.6 Invocations


You had 21 spell levels left.
You knew the following spells:

 Your Spells              Type           Power      Damage    Failure   Level
a - Foxfire               Conj/Fire      100%       2x1d9     1%          1
b - Scorch                Fire           100%       2d9       1%          2
c - Inner Flame           Hex/Fire       49%        N/A       1%          3
d - Flame Wave            Conj/Fire      55%        2d13      1%          4
e - Slow                  Hex            100%       N/A       1%          1

Your spell library contained the following spells:

 Spells                   Type           Power      Damage    Failure   Level
 Volatile Blastmotes      Fire/Tloc      80%        2d16      1%          3
 Confusing Touch          Hex            30%        N/A       3%          3
 Vampiric Draining        Necr           13%        2d6       14%         3


Dungeon Overview and Level Annotations

Branches:
Dungeon (1/1)

Altars:
Cheibriados
Dithmenos
Elyvilon
Fedhas
Gozag
Hepliaklqana
Kikubaaqudgha
Makhleb
Nemelex Xobeh
Okawaru
Qazlal
Ru
Sif Muna
Trog
Uskayaw
Vehumet
Wu Jian
Xom
Yredelemnul
Zin
The Shining One
Jiyva
Lugonu

Shops:
D ?*[


Innate Abilities, Weirdness & Mutations

You cannot wear most types of armour.
You are amphibious.
You can wear up to eight rings at the same time.
Your skin changes colour to match your surroundings (Stealth+).
Your rubbery body absorbs attacks. (AC +1, EV +1)
((You are camouflaged when in or above water. (Stealth+)))
You have tentacles for arms and can constrict up to eight enemies at once.


Message History

Confirm with . or Enter, or press ? or * to list all spells.
Aiming: Slow (safe; 1% risk of failure)
Press: ? - help, Shift-Dir - straight line, f/p - centaur warrior
Aim: a centaur warrior (inner flame, chance to affect: 38%)
Okay, then.
Unknown command.
Unknown command.
Unknown command.
You feel much better. The centaur warrior hits you!
The centaur warrior barely misses you.
Casting: Slow (safe; 1% risk of failure)
Confirm with . or Enter, or press ? or * to list all spells.
Casting: Flame Wave (dangerous; 1% risk of failure)
Press: ? - help, Dir - look around, f - activate A wave of flame ripples out!
The flame wave engulfs the centaur warrior!
Flame seeps out of the centaur warrior.
The centaur warrior is lightly wounded. (Press . to intensify the flame waves.)
The centaur warrior is engulfed in blazing flames.
Flame seeps out of the centaur warrior.
A wave of flame ripples out!
The flame wave engulfs the centaur warrior!
Flame seeps out of the centaur warrior.
The centaur warrior is heavily wounded.
The flame wave engulfs the hornet!
The hornet is heavily wounded.
The centaur warrior is engulfed in blazing flames.
Flame seeps out of the centaur warrior.
The centaur warrior hits you! The centaur warrior closely misses you.
The hornet is engulfed in blazing flames.
The hornet misses you.
The centaur warrior is engulfed in blazing flames.
Flame seeps out of the centaur warrior.
The centaur warrior hits you!
* * * LOW HITPOINT WARNING * * *
The centaur warrior kicks you.
* * * LOW HITPOINT WARNING * * *
The centaur warrior attacks as you move away!
The centaur warrior hits you!
You die...

##########################
#<.#..)..#).'..#__#..))..#
#..[..#..'..#..'..'..#...#
#..#####'#####'#__####...+
#..####..#...#.####?§#####
#..#__####..##@#§~§§c
#..#_____##'#_cyc§~§§§
#⌠⌠#_.∩...'..._#§~~.(#
####_..__##_.#'##+####
#_____###'#.#)...###
############.####'###.##
#∩........'...'.....'.∩#
###++++####...##########
###.###


You could see 2 centaur warriors and a hornet.

Vanquished Creatures
  Sonja (D)
  A deep troll (D)
  2 kobold demonologists (D)
  Sigmund (D)
  A slime creature (D)
  A yak (D)
  A floating eye (D)
  An ogre (D)
  A jelly (D)
  Ijyb (D)
  2 ballistomycete spores (D)
13 creatures vanquished.

Vanquished Creatures (others)
  19 foxfires (D)
19 creatures vanquished.

Grand Total: 32 creatures vanquished

Notes
Turn   | Place    | Note
-------+----------+-------------------------------------------
     0 | D        | Conn the Octopode Fire Elementalist began the quest for the
                  | Orb.
     0 | D        | Reached XP level 1. HP: 11/11 MP: 3/3
     1 | D        | Noticed Ijyb
     9 | D        | Killed Ijyb
    10 | D        | Reached XP level 2. HP: 17/17 MP: 0/6
    10 | D        | Reached XP level 3. HP: 21/21 MP: 0/7
    17 | D        | Learned a level 2 spell: Scorch
    21 | D        | Learned a level 3 spell: Inner Flame
    72 | D        | Noticed an ogre
    76 | D        | Killed an ogre
    77 | D        | Reached skill level 5 in Spellcasting
    77 | D        | Reached XP level 4. HP: 27/27 MP: 2/11
   154 | D        | Noticed Sigmund
   156 | D        | Killed Sigmund
   157 | D        | Reached skill level 5 in Conjurations
   157 | D        | Reached XP level 5. HP: 31/31 MP: 7/14
   157 | D        | Reached XP level 6. HP: 36/36 MP: 7/15
   231 | D        | Learned a level 4 spell: Flame Wave
   231 | D        | Found an ornate altar of the Wu Jian Council.
   231 | D        | Found a shimmering blue altar of Sif Muna.
   233 | D        | Found a radiant altar of Vehumet.
   237 | D        | Became a worshipper of Sif Muna the Loreminder
   272 | D        | Found Kocvy's Assorted Antiques.
   272 | D        | Found an ancient bone altar of Kikubaaqudgha.
   272 | D        | Found a hazy altar of Hepliaklqana.
   272 | D        | Found a stormy altar of Qazlal.
   272 | D        | Found a hide-covered altar of Uskayaw.
   272 | D        | Found a blossoming altar of Fedhas.
   272 | D        | Found a bloodstained altar of Trog.
   272 | D        | Found an iron altar of Okawaru.
   272 | D        | Found a basalt altar of Yredelemnul.
   272 | D        | Found a glowing golden altar of the Shining One.
   272 | D        | Found a snail-covered altar of Cheibriados.
   272 | D        | Found a sacrificial altar of Ru.
   272 | D        | Found a glowing silver altar of Zin.
   272 | D        | Found a shadowy altar of Dithmenos.
   272 | D        | Found a white marble altar of Elyvilon.
   272 | D        | Noticed a yak
   279 | D        | Killed a yak
   282 | D        | Found an opulent altar of Gozag.
   283 | D        | Found a sparkling altar of Nemelex Xobeh.
   287 | D        | Bought a tourmaline ring for 100 gold pieces
   287 | D        | Bought a tapered fluorescent wand for 80 gold pieces
   287 | D        | Bought a viscous grey potion for 18 gold pieces
   382 | D        | Noticed Sonja
   385 | D        | Killed Sonja
   385 | D        | Reached * piety under Sif Muna
   386 | D        | Reached skill level 5 in Dodging
   386 | D        | Reached skill level 10 in Spellcasting
   386 | D        | Reached skill level 1 in Hexes
   386 | D        | Reached XP level 7. HP: 21/41 MP: 9/20
   386 | D        | Reached XP level 8. HP: 24/46 MP: 9/22
   542 | D        | Found Yloekiat's Magic Scroll Boutique.
   550 | D        | Bought a scroll of blinking for 82 gold pieces
   562 | D        | Noticed a deep troll
   573 | D        | Killed a deep troll
   604 | D        | Found Iloitz's Armour Emporium.
   614 | D        | Learned a level 1 spell: Slow
   732 | D        | Found a burning altar of Makhleb.
   732 | D        | Found a viscous altar of Jiyva.
   732 | D        | Found a shimmering altar of Xom.
   732 | D        | Found a corrupted altar of Lugonu.
   732 | D        | Noticed a slime creature
   738 | D        | Killed a slime creature
   739 | D        | Reached skill level 1 in Invocations
   797 | D        | Noticed a kobold demonologist
   799 | D        | Noticed a kobold demonologist
   802 | D        | Killed a kobold demonologist
   802 | D        | Reached ** piety under Sif Muna
   803 | D        | Reached skill level 1 in Throwing
   803 | D        | Reached XP level 9. HP: 49/51 MP: 14/24
   803 | D        | Killed a kobold demonologist
   894 | D        | Noticed a centaur warrior
   929 | D        | Noticed a centaur warrior
   937 | D        | Noticed a hornet
   941 | D        | Paralysed by a hornet for 3 turns
   946 | D        | Paralysed by a hornet for 1 turns
   951 | D        | Mangled by a centaur warrior

Illustrated notes

Levels and vault maps discovered:
D:        dungeon_sprint_1 [red_sonja_temple_1, red_sonja_temple_small_1]

Skill      XL: |  1  2  3  4  5  6  7  8  9 |
---------------+----------------------------+-----
Spellcasting   | 3 5 6 10 11 12 | 12.2
Conjurations   | 2 3 5 6 7 |  7.9
Fire Magic     | 4 6 8 11 12 | 12.3
Dodging        | 3 4 5 |  5.6
Hexes          | 1 3 |  3.9
Invocations    | 2 3 |  3.6
Throwing       | 1 |  1.1
Stealth        | |  2.6

Action                     |  1- 3 |  4- 6 |  7- 9 || total
---------------------------+-------+-------+-------++-------
  Melee: Unarmed           |     4 |       |       ||     4
         Constrict         |     1 |       |       ||     1
  Throw: Dart              |       |       |     6 ||     6
   Cast: Foxfire           |     4 |     3 |     4 ||    11
         Scorch            |     2 |     7 |     9 ||    18
         Inner Flame       |       |     1 |     2 ||     3
         Flame Wave        |       |     2 |     4 ||     6
         Slow              |       |       |     1 ||     1
  Evoke: Wand              |       |     1 |       ||     1
    Use: Potion            |     1 |       |     5 ||     6
  Dodge: Dodged            |     2 |       |    11 ||    13

Table legend: (Time is in decaauts)
 A = Elapsed time spent in this place.
 B = Non-inter-level travel time spent in this place.
 C = Inter-level travel time spent in this place.
 D = Time resting spent in this place.
 E = Time spent auto-exploring this place.
 F = Levels seen in this place.
 G = Mean time per level.
                   A        B        C        D        E       F      G
               +--------+--------+--------+--------+--------+-----+--------+
         Total |    959 |    959 |      0 |    535 |      0 |   1 |  959.0 |
       Dungeon |    959 |    959 |      0 |    535 |      0 |   1 |  959.0 |
               +--------+--------+--------+--------+--------+-----+--------+

Top non-repeatable levels by time:
       D: 959 daAuts
